 Dungeon Crawl Stone Soup version 0.22-a0-422-g9628fc8 (webtiles) character file.

3959 Mgcat the Nimble (level 10, -4/83 HPs)
             Began as a Gnoll Monk on May 21, 2018.
             Was a Believer of Ru.
             Slain by a five-headed hydra (11 damage)
             ... on level 11 of the Dungeon.
             The game lasted 00:35:33 (10756 turns).

Mgcat the Nimble (Gnoll Monk)                      Turns: 10756, Time: 00:35:34

Health: -4/83      AC: 14    Str: 16    XL:     10   Next: 22%
Magic:  19/19      EV: 17    Int: 13    God:    Ru [**....]
Gold:   448        SH:  6    Dex: 18    Spells: 21/21 levels left

rFire    + . .     SeeInvis .   s - +3 whip (drain)
rCold    . . .     Gourm    .   M - +0 buckler
rNeg     + . .     Faith    .   w - +2 ring mail {rF+}
rPois    .         Spirit   .   (no helmet)
rElec    .         Reflect  .   (no cloak)
rCorr    .         Harm     .   i - +2 pair of gloves
MR       +....                  x - +2 pair of boots
Stlth    +++.......             k - amulet of rage {+Rage, !d}
HPRegen  0.23/turn              q - ring of positive energy {rN+}
MPRegen  0.16/turn              z - ring of protection from magic {MR+, !d}

@: very slightly contaminated, invisible
A: distributed training, fangs 1, inexperienced 1, strong nose
a: Renounce Religion, Evoke Berserk Rage


You were on level 11 of the Dungeon.
You worshipped Ru.
Ru was pleased with you.
You were not hungry.

You visited 2 branches of the dungeon, and saw 12 of its levels.
You also visited: Ossuary.

You collected 448 gold pieces.

Inventory:

Hand Weapons
 a - a +0 hand axe
 d - a +1 dire flail of protection
   (You took it off Edmund on level 4 of the Dungeon)
 f - a +0 war axe
   (You took it off a gnoll on level 11 of the Dungeon)
 s - a +3 whip of draining (weapon)
   (You took it off a kobold on level 2 of the Dungeon)
Missiles
 h - 4 curare-tipped needles
 t - a throwing net {=f, !d}
Armour
 i - a +2 pair of gloves (worn)
   (You found it on level 6 of the Dungeon)
 w - a +2 ring mail of fire resistance (worn)
   (You found it on level 4 of the Dungeon)
 x - a +2 pair of boots (worn)
   (You found it on level 5 of the Dungeon)
 I - the -6 shield of the Ward {-Cast rC+ MR++ SInv}
   (You found it on level 9 of the Dungeon)

   It protects you from cold.
   It affects your resistance to hostile enchantments.
   It lets you see invisible.
   It prevents spellcasting.
 M - a +0 buckler (worn)
   (You found it on level 10 of the Dungeon)
Jewellery
 k - an amulet of rage (around neck) {+Rage, !d}
   (You found it on level 6 of the Dungeon)
 q - a ring of positive energy (left hand) {rN+}
   (You found it on level 11 of the Dungeon)
 v - an uncursed ring of stealth {Stlth+}
   (You found it on level 4 of the Dungeon)
 z - a ring of protection from magic (right hand) {MR+, !d}
   (You found it on level 9 of the Dungeon)
Wands
 b - a wand of random effects (43)
   (You found it on level 4 of the Dungeon)
 g - a wand of flame (19)
   (You found it on level 3 of the Dungeon)
 y - a wand of scattershot (2)
   (You found it on level 9 of the Dungeon)
 E - a wand of polymorph (11)
   (You found it on level 9 of the Dungeon)
 H - a wand of acid (8)
   (You found it on level 9 of the Dungeon)
Scrolls
 e - 5 scrolls of identify
 j - 6 scrolls of teleportation
 m - 3 scrolls of immolation {!r}
 n - a scroll of random uselessness
 p - 5 scrolls of magic mapping {!r}
 r - 7 scrolls of remove curse
 D - a scroll of enchant weapon
 J - a scroll of fog
 K - a scroll of brand weapon {unknown}
 L - a scroll of summoning
 N - a scroll of blinking {!r}
Potions
 l - a potion of magic
 o - 2 potions of heal wounds
 B - 3 potions of curing
 C - 2 potions of ambrosia
 F - a potion of resistance {unknown}
 G - 2 potions of lignification {!q}
Comestibles
 c - 13 rations
 A - 5 chunks of flesh {@w0}


   Skills:
 + Level 9.0 Fighting
 + Level 6.0 Short Blades
 + Level 6.0 Long Blades
 + Level 9.0 Axes
 + Level 6.0 Maces & Flails
 + Level 6.0 Polearms
 + Level 6.0 Staves
 + Level 6.0 Slings
 + Level 6.0 Bows
 + Level 6.0 Crossbows
 + Level 6.0 Throwing
 + Level 6.0 Armour
 + Level 9.0 Dodging
 + Level 7.4 Stealth
 + Level 6.0 Shields
 + Level 6.0 Unarmed Combat
 + Level 6.0 Spellcasting
 + Level 5.0 Conjurations
 + Level 5.0 Hexes
 + Level 5.0 Charms
 + Level 5.0 Summonings
 + Level 5.0 Necromancy
 + Level 5.0 Translocations
 + Level 5.0 Transmutations
 + Level 5.0 Fire Magic
 + Level 5.0 Ice Magic
 + Level 5.0 Air Magic
 + Level 5.0 Earth Magic
 + Level 5.0 Poison Magic
 + Level 6.6 Invocations
 + Level 6.0 Evocations


You had 21 spell levels left.
You didn't know any spells.
Your spell library contained the following spells:

 Spells                   Type           Power        Failure   Level  Hunger
 Mephitic Cloud           Conj/Pois/Air  ###.....     11%         3    ###....
 Venom Bolt               Conj/Pois      ###.......   71%         5    ######.
 Olgreb's Toxic Radiance  Pois           ###.....     36%         4    ####...
 Sting                    Conj/Pois      ###.         3%          1    None
 Poisonous Vapours        Pois/Air       ###...       5%          2    ##.....


Dungeon Overview and Level Annotations

Branches:
Dungeon (11/15)            Temple (1/1) D:7             Orc (0/2) D:11
   Lair: D:8-11

Altars:
Ashenzari
Cheibriados
Dithmenos
Elyvilon
Fedhas
Gozag
Hepliaklqana
Kikubaaqudgha
Makhleb
Nemelex Xobeh
Okawaru
Qazlal
Ru
Sif Muna
Trog
Uskayaw
Vehumet
Wu Jian
Xom
Yredelemnul
Zin
The Shining One

Shops:
D:9 :


Innate Abilities, Weirdness & Mutations

Your experience applies equally to all skills.
You have very sharp teeth.
You are somewhat inexperienced. (-2 XL)
Your uncanny sense of smell can sniff out nearby items.


Message History

The wyvern is almost dead.
The wyvern barely misses you.
You hit the wyvern but do no damage.
The wyvern is almost dead.
The wyvern barely misses you.
You whack the wyvern!
You kill the wyvern!
No target in view!
No target in view!
You butcher the wyvern corpse.
A - a chunk of flesh {@w0} Key pressed, stopping explore.
r - 7 scrolls of remove curse (gained 1)
You see here 7 javelins.
A crocodile comes into view.
The helpless crocodile fails to defend itself.
You whack the crocodile! You drain the crocodile!
You bite the crocodile, but do no damage.
The crocodile is almost dead.
The crocodile closely misses you.
You hit the crocodile.
You kill the crocodile!
No target in view!
No target in view!
You butcher the crocodile corpse.
A - 5 chunks of flesh {@w0} (gained 4) HP restored.
Marking area around the five-headed hydra as unsafe for travelling.
A hydra and an acid dragon come into view.
The five-headed hydra roars!
The acid dragon moves out of view.
Unknown command.
Unknown command.
Unknown command.
Unknown command.
Evoke which item? (* to show all) (? for menu, Esc to quit)
Aiming: Random Effects
Press: ? - help, Shift-Dir - straight line, f - five-headed hydra
Aim: a five-headed hydra The five-headed hydra easily resists.
Evoke which item? (* to show all) (? for menu, Esc to quit)
Aiming: Random Effects
Press: ? - help, Shift-Dir - straight line, f/p - five-headed hydra
Aim: a five-headed hydra The five-headed hydra flickers and vanishes!
Deactivating autopickup; reactivate with Ctrl-A.
Evoke which item? (* to show all) (? for menu, Esc to quit)
That's the wrong kind of item! (Use * to select it.) Evoke which item? (* to show all) (? for menu, Esc to quit)
You don't have any such object.
Evoke which item? (* to show all) (? for menu, Esc to quit)
Okay, then.
Evoke which item? (* to show all) (? for menu, Esc to quit)
Aiming: Random Effects
Press: ? - help, Shift-Dir - straight line The puff of flame hits something.
A wyvern comes into view.
The wyvern moves out of view.
Evoke which item? (* to show all) (? for menu, Esc to quit)
Aiming: Corrosive Bolt
Press: ? - help, Shift-Dir - straight line The bolt of acid hits something.
The acid corrodes something!
You fade into invisibility!
Something bites you. Something bites you! Something bites you.
Something closely misses you. Something bites you but does no damage.
You are very lightly contaminated with residual magic.
The wyvern hisses angrily.
You whack something! You bite something.
The wyvern hisses angrily.
You barely miss something. Something bites you but does no damage.
Something bites you. Something barely misses you. x3
You hit something. You closely miss something. Something bites you.
Something closely misses you. Something barely misses you. Something bites you.
Something barely misses you.
You completely miss something. Something bites you.
Something bites you but does no damage. x4
You hit something. You hit something. You bite something.
Something bites you but does no damage. x2
Something barely misses you. Something bites you but does no damage.
You block something's attack.
You closely miss something. You completely miss something.
The wyvern hisses angrily.
Something bites you. x2; Something bites you but does no damage. x2
Something bites you.
You hit something. Your bite misses something. Something bites you.
Something barely misses you. Something closely misses you.
Something bites you but does no damage. x2
You hit something. Something bites you! Something barely misses you. x2
Something bites you. Something bites you!
* * * LOW HITPOINT WARNING * * *
You barely miss something. You hit something.
You hear a roar!
Something bites you.
* * * LOW HITPOINT WARNING * * *
Something closely misses you. Something bites you!
* * * LOW HITPOINT WARNING * * *
You block something's attack. Something bites you!
You die...

##### ##########.#..####
##...@{l...###.#..# #####
##.(..###........###.
.##.##
####..###.####............
.....###...##.####
#.#.###.......
#####...####### #####
.##..... #.###.# ∆ # .$...
### ### ..##. ##
################


You could see a wyvern (wandering).

Vanquished Creatures
  Erica (D:9)
  A two-headed ogre (D:10)
  An unseen horror (D:10)
  A centaur skeleton (D:11)
  A troll (D:11)
  2 hippogriffs
  Sigmund (D:4)
  2 wyverns
  A human (D:9)
  2 hungry ghosts
  Edmund (D:4)
  A two-headed ogre zombie (D:11)
  2 acid dragons (D:11)
  Duvessa (D:5)
  3 sky beasts
  An ogre (D:10)
  A necrophage (D:10)
  8 phantoms
  3 centaurs
  A crocodile (D:11)
  2 big kobolds
  2 bullfrogs
  2 gnoll sergeants
  A wyvern zombie (Ossuary)
  5 scorpions
  A water moccasin skeleton (D:11)
  2 troll zombies (D:11)
  Dowan (D:5)
  5 killer bees (D:7)
  A centaur zombie (D:9)
  4 crimson imps
  A quasit (D:7)
  3 bullfrog zombies (Ossuary)
  An orc priest (D:11)
  4 hounds
  3 jellies
  2 orc wizards
  3 iguanas
  7 worker ants
  Terence (D:3)
  A killer bee zombie (Ossuary)
  5 ogre zombies (D:11)
  4 hound zombies (Ossuary)
  4 hound skeletons
  14 mummies (Ossuary)
  11 gnolls
  A howler monkey skeleton (D:5)
  9 adders
  4 shadow imps
  3 oozes
  4 adder zombies
  4 worms
  A dart slug (D:1)
  4 leopard geckos
  11 orcs
  4 giant cockroaches
  7 goblins
  8 hobgoblins
  9 jackals
  5 quokkas
  5 ball pythons
  3 bats (D:1)
  6 frilled lizards
  A giant cockroach zombie (Ossuary)
  A goblin zombie (D:11)
  2 hobgoblin skeletons (D:11)
  3 hobgoblin zombies (D:11)
  13 kobolds
  6 orc skeletons (D:11)
  12 orc zombies (D:11)
  A quokka zombie (D:5)
  14 rats
266 creatures vanquished.

Vanquished Creatures (others)
  A troll (D:10)
  An orc zombie (D:11)
  5 withered plants (Ossuary)
7 creatures vanquished.

Grand Total: 273 creatures vanquished

Notes
Turn   | Place    | Note
-------+----------+-------------------------------------------
     0 | D:1      | Mgcat the Gnoll Monk began the quest for the Orb.
     0 | D:1      | Reached XP level 1. HP: 23/23 MP: 1/1
   177 | D:1      | Reached XP level 2. HP: 29/29 MP: 2/2
   429 | D:1      | Reached XP level 3. HP: 35/35 MP: 3/3
   885 | D:2      | Reached skill level 1 in Invocations
  1011 | D:2      | Reached skill level 1 in Short Blades
  1011 | D:2      | Reached skill level 1 in Long Blades
  1011 | D:2      | Reached skill level 1 in Maces & Flails
  1011 | D:2      | Reached skill level 1 in Polearms
  1011 | D:2      | Reached skill level 1 in Staves
  1011 | D:2      | Reached skill level 1 in Slings
  1011 | D:2      | Reached skill level 1 in Bows
  1011 | D:2      | Reached skill level 1 in Crossbows
  1011 | D:2      | Reached skill level 1 in Throwing
  1011 | D:2      | Reached skill level 1 in Armour
  1011 | D:2      | Reached skill level 1 in Shields
  1011 | D:2      | Reached skill level 1 in Unarmed Combat
  1011 | D:2      | Reached skill level 1 in Spellcasting
  1011 | D:2      | Reached skill level 1 in Evocations
  1065 | D:2      | Reached XP level 4. HP: 35/41 MP: 5/5
  1456 | D:3      | Noticed Terence
  1470 | D:3      | Reached skill level 1 in Conjurations
  1470 | D:3      | Reached skill level 1 in Hexes
  1470 | D:3      | Reached skill level 1 in Charms
  1470 | D:3      | Reached skill level 1 in Summonings
  1470 | D:3      | Reached skill level 1 in Necromancy
  1470 | D:3      | Reached skill level 1 in Translocations
  1470 | D:3      | Reached skill level 1 in Transmutations
  1470 | D:3      | Reached skill level 1 in Fire Magic
  1470 | D:3      | Reached skill level 1 in Ice Magic
  1470 | D:3      | Reached skill level 1 in Air Magic
  1470 | D:3      | Reached skill level 1 in Earth Magic
  1470 | D:3      | Reached skill level 1 in Poison Magic
  1475 | D:3      | HP: 8/41 [Terence/trident of freezing (8)]
  1476 | D:3      | HP: 3/41 [ball python (1)]
  1476 | D:3      | HP: 1/41 [jackal (2)]
  1482 | D:3      | HP: 10/41 [jackal (3)]
  1483 | D:3      | Reached XP level 5. HP: 12/47 MP: 6/6
  1498 | D:3      | HP: 11/47 [jackal (1)]
  2237 | D:3      | Killed Terence
  2410 | D:4      | Reached XP level 6. HP: 34/53 MP: 8/8
  2431 | D:4      | Reached skill level 2 in Invocations
  2641 | D:4      | Reached skill level 2 in Short Blades
  2641 | D:4      | Reached skill level 2 in Long Blades
  2641 | D:4      | Reached skill level 2 in Maces & Flails
  2641 | D:4      | Reached skill level 2 in Polearms
  2641 | D:4      | Reached skill level 2 in Staves
  2641 | D:4      | Reached skill level 2 in Slings
  2641 | D:4      | Reached skill level 2 in Bows
  2641 | D:4      | Reached skill level 2 in Crossbows
  2641 | D:4      | Reached skill level 2 in Throwing
  2641 | D:4      | Reached skill level 2 in Armour
  2641 | D:4      | Reached skill level 2 in Shields
  2641 | D:4      | Reached skill level 2 in Unarmed Combat
  2641 | D:4      | Reached skill level 2 in Spellcasting
  2641 | D:4      | Reached skill level 2 in Evocations
  2741 | D:4      | Noticed Edmund
  2864 | D:4      | Noticed Sigmund
  2889 | D:4      | HP: 10/53 [Sigmund/magic dart (6)]
  2893 | D:4      | Killed Sigmund
  2893 | D:4      | Reached XP level 7. HP: 17/59 MP: 10/10
  2904 | D:4      | Reached skill level 7 in Fighting
  2904 | D:4      | Reached skill level 7 in Axes
  2904 | D:4      | Reached skill level 7 in Dodging
  3219 | D:4      | Killed Edmund
  3219 | D:4      | Reached skill level 2 in Conjurations
  3219 | D:4      | Reached skill level 2 in Hexes
  3219 | D:4      | Reached skill level 2 in Charms
  3219 | D:4      | Reached skill level 2 in Summonings
  3219 | D:4      | Reached skill level 2 in Necromancy
  3219 | D:4      | Reached skill level 2 in Translocations
  3219 | D:4      | Reached skill level 2 in Transmutations
  3219 | D:4      | Reached skill level 2 in Fire Magic
  3219 | D:4      | Reached skill level 2 in Ice Magic
  3219 | D:4      | Reached skill level 2 in Air Magic
  3219 | D:4      | Reached skill level 2 in Earth Magic
  3219 | D:4      | Reached skill level 2 in Poison Magic
  3250 | D:5      | Entered Level 5 of the Dungeon
  3429 | D:5      | Reached skill level 5 in Stealth
  3520 | D:5      | Noticed Duvessa
  3521 | D:5      | Noticed Dowan
  3602 | D:5      | Reached skill level 3 in Invocations
  3766 | D:5      | Killed Dowan
  3766 | D:5      | Reached XP level 8. HP: 61/67 MP: 12/12
  3793 | D:5      | Killed Duvessa
  3867 | D:6      | Found a sand-covered staircase.
  3872 | Ossuary  | Entered an ossuary
  3899 | Ossuary  | Reached skill level 3 in Short Blades
  3899 | Ossuary  | Reached skill level 3 in Long Blades
  3899 | Ossuary  | Reached skill level 3 in Maces & Flails
  3899 | Ossuary  | Reached skill level 3 in Polearms
  3899 | Ossuary  | Reached skill level 3 in Staves
  3899 | Ossuary  | Reached skill level 3 in Slings
  3899 | Ossuary  | Reached skill level 3 in Bows
  3899 | Ossuary  | Reached skill level 3 in Crossbows
  3899 | Ossuary  | Reached skill level 3 in Throwing
  3899 | Ossuary  | Reached skill level 3 in Armour
  3899 | Ossuary  | Reached skill level 3 in Shields
  3899 | Ossuary  | Reached skill level 3 in Unarmed Combat
  3899 | Ossuary  | Reached skill level 3 in Spellcasting
  3899 | Ossuary  | Reached skill level 3 in Evocations
  4270 | Ossuary  | HP: 22/100 [wyvern zombie (9)]
  4275 | Ossuary  | HP: 22/100 [wyvern zombie (1)]
  5257 | D:6      | Reached skill level 3 in Conjurations
  5257 | D:6      | Reached skill level 3 in Hexes
  5257 | D:6      | Reached skill level 3 in Charms
  5257 | D:6      | Reached skill level 3 in Summonings
  5257 | D:6      | Reached skill level 3 in Necromancy
  5257 | D:6      | Reached skill level 3 in Translocations
  5257 | D:6      | Reached skill level 3 in Transmutations
  5257 | D:6      | Reached skill level 3 in Fire Magic
  5257 | D:6      | Reached skill level 3 in Ice Magic
  5257 | D:6      | Reached skill level 3 in Air Magic
  5257 | D:6      | Reached skill level 3 in Earth Magic
  5257 | D:6      | Reached skill level 3 in Poison Magic
  5257 | D:6      | Reached skill level 4 in Invocations
  5339 | D:6      | Reached XP level 9. HP: 66/72 MP: 14/14
  5492 | D:6      | Found a shadowy altar of Dithmenos.
  5905 | D:7      | Reached skill level 4 in Short Blades
  5905 | D:7      | Reached skill level 4 in Long Blades
  5905 | D:7      | Reached skill level 4 in Maces & Flails
  5905 | D:7      | Reached skill level 4 in Polearms
  5905 | D:7      | Reached skill level 4 in Staves
  5905 | D:7      | Reached skill level 4 in Slings
  5905 | D:7      | Reached skill level 4 in Bows
  5905 | D:7      | Reached skill level 4 in Crossbows
  5905 | D:7      | Reached skill level 4 in Throwing
  5905 | D:7      | Reached skill level 4 in Armour
  5905 | D:7      | Reached skill level 4 in Shields
  5905 | D:7      | Reached skill level 4 in Unarmed Combat
  5905 | D:7      | Reached skill level 4 in Spellcasting
  5905 | D:7      | Reached skill level 4 in Evocations
  5950 | D:7      | HP: 18/74 [something (4)]
  5958 | D:7      | Reached skill level 6 in Stealth
  5961 | D:7      | HP: 10/74 [gnoll (4)]
  6354 | D:7      | Found an opulent altar of Gozag.
  6559 | D:7      | Reached skill level 8 in Fighting
  6559 | D:7      | Reached skill level 8 in Axes
  6559 | D:7      | Reached skill level 8 in Dodging
  6637 | D:7      | Found a staircase to the Ecumenical Temple.
  6666 | Temple   | Entered the Ecumenical Temple
  6910 | D:8      | Found a blossoming altar of Fedhas.
  6919 | D:8      | Found a hide-covered altar of Uskayaw.
  6922 | D:8      | Found a stormy altar of Qazlal.
  7002 | D:8      | Reached skill level 5 in Invocations
  7346 | D:9      | Reached XP level 10. HP: 70/80 MP: 15/17
  7472 | D:9      | Reached skill level 4 in Conjurations
  7472 | D:9      | Reached skill level 4 in Hexes
  7472 | D:9      | Reached skill level 4 in Charms
  7472 | D:9      | Reached skill level 4 in Summonings
  7472 | D:9      | Reached skill level 4 in Necromancy
  7472 | D:9      | Reached skill level 4 in Translocations
  7472 | D:9      | Reached skill level 4 in Transmutations
  7472 | D:9      | Reached skill level 4 in Fire Magic
  7472 | D:9      | Reached skill level 4 in Ice Magic
  7472 | D:9      | Reached skill level 4 in Air Magic
  7472 | D:9      | Reached skill level 4 in Earth Magic
  7472 | D:9      | Reached skill level 4 in Poison Magic
  7619 | D:9      | Found Igekk's Book Shoppe.
  7663 | D:9      | Found a hide-covered altar of Uskayaw.
  7670 | D:9      | Found a burning altar of Makhleb.
  7760 | D:9      | Got a warped shield
  7766 | D:9      | Identified the -6 shield of the Ward {-Cast rC+ MR++ SInv} (You found it on level 9 of the Dungeon)
  7869 | D:9      | Noticed Erica
  7908 | D:9      | Killed Erica
  7908 | D:9      | Reached skill level 5 in Short Blades
  7908 | D:9      | Reached skill level 5 in Long Blades
  7908 | D:9      | Reached skill level 5 in Maces & Flails
  7908 | D:9      | Reached skill level 5 in Polearms
  7908 | D:9      | Reached skill level 5 in Staves
  7908 | D:9      | Reached skill level 5 in Slings
  7908 | D:9      | Reached skill level 5 in Bows
  7908 | D:9      | Reached skill level 5 in Crossbows
  7908 | D:9      | Reached skill level 5 in Throwing
  7908 | D:9      | Reached skill level 5 in Armour
  7908 | D:9      | Reached skill level 5 in Shields
  7908 | D:9      | Reached skill level 5 in Unarmed Combat
  7908 | D:9      | Reached skill level 5 in Spellcasting
  7908 | D:9      | Reached skill level 5 in Evocations
  8001 | D:9      | Found a glowing golden altar of the Shining One.
  8157 | D:9      | Found a sacrificial altar of Ru.
  8255 | D:10     | Entered Level 10 of the Dungeon
  8350 | D:10     | Noticed a two-headed ogre
  8373 | D:10     | Killed a two-headed ogre
  8542 | D:10     | Noticed an unseen horror
  8547 | D:10     | Killed an unseen horror
  8547 | D:10     | Reached skill level 7 in Stealth
  8547 | D:10     | Reached skill level 6 in Invocations
  8729 | D:9      | Found a shimmering altar of Xom.
  8729 | D:9      | Found a glowing silver altar of Zin.
  8737 | D:9      | Became a worshipper of Ru the Awakened
  8752 | D:10     | Gained mutation: You are somewhat inexperienced. (-2 XL) [Ru sacrifice]
  8752 | D:10     | Reached XP level 9. HP: 75/75 MP: 17/17
  8752 | D:10     | Reached XP level 8. HP: 69/69 MP: 16/16
  8752 | D:10     | Reached * piety under Ru
  8752 | D:10     | Reached ** piety under Ru
  8894 | D:10     | Reached XP level 9. HP: 73/75 MP: 17/17
  9010 | D:10     | Noticed a troll
  9015 | D:10     | Killed a troll
  9436 | D:11     | Noticed a troll
  9633 | D:11     | Killed a troll
  9633 | D:11     | Reached skill level 9 in Fighting
  9633 | D:11     | Reached skill level 6 in Short Blades
  9633 | D:11     | Reached skill level 6 in Long Blades
  9633 | D:11     | Reached skill level 9 in Axes
  9633 | D:11     | Reached skill level 6 in Maces & Flails
  9633 | D:11     | Reached skill level 6 in Polearms
  9633 | D:11     | Reached skill level 6 in Staves
  9633 | D:11     | Reached skill level 6 in Slings
  9633 | D:11     | Reached skill level 6 in Bows
  9633 | D:11     | Reached skill level 6 in Crossbows
  9633 | D:11     | Reached skill level 6 in Throwing
  9633 | D:11     | Reached skill level 6 in Armour
  9633 | D:11     | Reached skill level 9 in Dodging
  9633 | D:11     | Reached skill level 6 in Shields
  9633 | D:11     | Reached skill level 6 in Unarmed Combat
  9633 | D:11     | Reached skill level 6 in Spellcasting
  9633 | D:11     | Reached skill level 6 in Evocations
  9633 | D:11     | Reached XP level 10. HP: 66/83 MP: 17/19
  9968 | D:11     | Found a staircase to the Orcish Mines.
  9983 | D:11     | Reached skill level 5 in Conjurations
  9983 | D:11     | Reached skill level 5 in Hexes
  9983 | D:11     | Reached skill level 5 in Charms
  9983 | D:11     | Reached skill level 5 in Summonings
  9983 | D:11     | Reached skill level 5 in Necromancy
  9983 | D:11     | Reached skill level 5 in Translocations
  9983 | D:11     | Reached skill level 5 in Transmutations
  9983 | D:11     | Reached skill level 5 in Fire Magic
  9983 | D:11     | Reached skill level 5 in Ice Magic
  9983 | D:11     | Reached skill level 5 in Air Magic
  9983 | D:11     | Reached skill level 5 in Earth Magic
  9983 | D:11     | Reached skill level 5 in Poison Magic
 10728 | D:11     | Noticed a five-headed hydra
 10754 | D:11     | HP: 17/83 [something (9)]
 10756 | D:11     | HP: 7/83 [something (7)]
 10756 | D:11     | Slain by a five-headed hydra

Vault maps used:
D:1:      wheals_arrival_linesprint
D:3:      serial_glass, glass_columns_b, glass_columns_a, item_on_display_a,
          minmay_strange_pillars, uniq_terence
D:4:      first_ration, uniq_edmund, uniq_sigmund
D:5:      uniq_duvessa
D:6:      nicolae_dithmenos_the_darkroom, enter_ossuary_2
D:7:      grunt_gozag_statues, minmay_temple_entry_poolview
D:8:      grunt_temple_overflow_forces_of_nature, basic_altar
D:9:      tso_metal_star, nicolae_overflow_hidden_temple, serial_shops,
          kennysheep_mini_moat, grunt_pizzeria, uniq_erica
D:11:     erik_lair_dragon, zombieorc2_lemuel
Temple:   minmay_temple_bridge_abc
Ossuary:  ossuary_zaba_flooded

Skill      XL: |  1  2  3  4  5  6  7  8  9 10 |
---------------+-------------------------------+-----
Invocations    | 1 2 3 4 5 6 |  6.6
Short Blades   | 1 2 3 6 5 |  6.0
Long Blades    | 1 2 3 6 5 |  6.0
Maces & Flails | 1 2 3 6 5 |  6.0
Polearms       | 1 2 3 6 5 |  6.0
Staves         | 1 2 3 6 5 |  6.0
Slings         | 1 2 3 6 5 |  6.0
Bows           | 1 2 3 6 5 |  6.0
Crossbows      | 1 2 3 6 5 |  6.0
Throwing       | 1 2 3 6 5 |  6.0
Armour         | 1 2 3 6 5 |  6.0
Shields        | 1 2 3 6 5 |  6.0
Unarmed Combat | 1 2 3 6 5 |  6.0
Spellcasting   | 1 2 3 6 5 |  6.0
Evocations     | 1 2 3 6 5 |  6.0
Conjurations   | 1 2 3 5 |  5.0
Hexes          | 1 2 3 5 |  5.0
Charms         | 1 2 3 5 |  5.0
Summonings     | 1 2 3 5 |  5.0
Necromancy     | 1 2 3 5 |  5.0
Translocations | 1 2 3 5 |  5.0
Transmutations | 1 2 3 5 |  5.0
Fire Magic     | 1 2 3 5 |  5.0
Ice Magic      | 1 2 3 5 |  5.0
Air Magic      | 1 2 3 5 |  5.0
Earth Magic    | 1 2 3 5 |  5.0
Poison Magic   | 1 2 3 5 |  5.0
Fighting       | 7 9 |  9.0
Axes           | 7 9 |  9.0
Dodging        | 7 9 |  9.0
Stealth        | 5 6 7 |  7.4

Action                   |  1- 3 |  4- 6 |  7- 9 | 10-12 || total
-------------------------+-------+-------+-------+-------++-------
Melee: Hand axe          |    89 |     6 |       |       ||    95
       Bite              |     9 |    29 |   146 |    37 ||   221
       Whip              |       |   175 |  1014 |   293 ||  1482
       Punch             |       |       |    17 |     2 ||    19
Invok: Sacrifice Experie |       |       |     1 |       ||     1
Evoke: Wand              |       |       |     3 |     5 ||     8
  Use: Potion            |       |     5 |    13 |     2 ||    20
       Scroll            |       |     1 |    21 |     2 ||    24
 Stab: Sleeping          |    12 |     3 |    11 |     7 ||    33
       Distracted        |       |     1 |     3 |     1 ||     5
       Invisible         |       |       |     7 |     1 ||     8
  Eat: Chunk             |     1 |     5 |    12 |     7 ||    25
       Ration            |       |       |     3 |     1 ||     4
Armor: Robe              |     8 |    12 |       |       ||    20
       Ring mail         |       |    14 |   242 |    72 ||   328
       Skin              |       |       |    23 |       ||    23
Dodge: Dodged            |    57 |   173 |   655 |   170 ||  1055
Block: Buckler           |       |       |    55 |    22 ||    77
       Shield            |       |       |       |     1 ||     1

Table legend:
 A = Spawn XP
 B = Non-spawn XP
 C = Spawn XP percentage of total XP
 D = Spawn monster count
 E = Non-spawn monster count
 F = Spawn count percentage of total count
 G = Total turns spent on level
                    A         B        C        D         E        F      G
               +---------+---------+-------+---------+---------+-------+---------
         Total |       0 |   12086 |   0.0 |       0 |     267 |   0.0 | 10756
               +---------+---------+-------+---------+---------+-------+---------
           D:1 |       0 |      43 |   0.0 |       0 |      24 |   0.0 |   700
           D:2 |       0 |      49 |   0.0 |       0 |      19 |   0.0 |   997
           D:3 |       0 |     201 |   0.0 |       0 |      29 |   0.0 |   717
           D:4 |       0 |     677 |   0.0 |       0 |      18 |   0.0 |   836
           D:5 |       0 |     385 |   0.0 |       0 |      15 |   0.0 |   596
           D:6 |       0 |     529 |   0.0 |       0 |      10 |   0.0 |   629
           D:7 |       0 |    1378 |   0.0 |       0 |      24 |   0.0 |   983
           D:8 |       0 |     463 |   0.0 |       0 |       5 |   0.0 |   459
           D:9 |       0 |    1770 |   0.0 |       0 |      13 |   0.0 |   989
          D:10 |       0 |    2907 |   0.0 |       0 |      27 |   0.0 |   998
          D:11 |       0 |    2945 |   0.0 |       0 |      57 |   0.0 |  1462
       Ossuary |       0 |     739 |   0.0 |       0 |      26 |   0.0 |  1282
               +---------+---------+-------+---------+---------+-------+---------

Vault maps used:
D:1:      wheals_arrival_linesprint
D:3:      serial_glass, glass_columns_b, glass_columns_a, item_on_display_a,
          minmay_strange_pillars, uniq_terence
D:4:      first_ration, uniq_edmund, uniq_sigmund
D:5:      uniq_duvessa
D:6:      nicolae_dithmenos_the_darkroom, enter_ossuary_2
D:7:      grunt_gozag_statues, minmay_temple_entry_poolview
D:8:      grunt_temple_overflow_forces_of_nature, basic_altar
D:9:      tso_metal_star, nicolae_overflow_hidden_temple, serial_shops,
          kennysheep_mini_moat, grunt_pizzeria, uniq_erica
D:11:     erik_lair_dragon, zombieorc2_lemuel
Temple:   minmay_temple_bridge_abc
Ossuary:  ossuary_zaba_flooded

Table legend:
 A = Turns spent in this place as a percentage of turns spent in the entire game.
 B = Non-inter-level travel turns spent in this place as a percentage of non-inter-level travel turns spent in the entire game.
 C = Inter-level travel turns spent in this place as a percentage of turns spent in this place.
 D = Turns resting spent in this place as a percentage of non-inter-level travel turns spent in this place.
 E = Turns spent auto-exploring this place as a percentage of non-inter-level travel turns spent in this place.
 F = Non-inter-level travel turns spent in this place divided by the number of levels of this place that you've seen.
                   A       B       C       D       E      F
               +-------+-------+-------+-------+-------+----------------------
         Total | 100.0 | 100.0 |   3.6 |   7.5 |  62.9 | 797.9
       Dungeon |  87.1 |  86.7 |   4.0 |   2.9 |  67.2 | 817.3
        Temple |   1.0 |   1.0 |   6.5 |   0.0 |  95.0 | 101.0
       Ossuary |  11.9 |  12.4 |   0.0 |  39.9 |  29.9 | 1282.0
               +-------+-------+-------+-------+-------+----------------------

Table legend:
 A = Kills in this place as a percentage of kills in entire the game.
 B = Kills by you in this place as a percentage of kills by you in the entire game.
 C = Kills by friends in this place as a percentage of kills by friends in the entire game.
 D = Other kills in this place as a percentage of other kills in the entire game.
 E = Experience gained in this place as a percentage of experience gained in the entire game.
 F = Experience gained in this place divided by the number of levels of this place that you have seen.
                   A       B       C       D       E      F
               +-------+-------+-------+-------+-------+----------------------
         Total | 100.0 | 100.0 |   N/A | 100.0 | 100.0 | 929.7
       Dungeon |  90.3 |  90.2 |   N/A | 100.0 |  93.9 | 1031.5
       Ossuary |   9.7 |   9.8 |   N/A |   0.0 |   6.1 | 739.0
               +-------+-------+-------+-------+-------+----------------------
